 Dungeon Crawl Stone Soup version 0.28-a0-751-gef3a642a4e (webtiles) character file.

Game seed: 8134310561465997012

221 MacCMillion the Conjurer (level 5, -2/42 HPs)
             Began as a Demigod Conjurer on Oct 28, 2021.
             Slain by a bullfrog (5 damage)
             ... in a sewer on Oct 30, 2021.
             The game lasted 00:12:50 (2876 turns).

MacCMillion the Conjurer (Demigod Conjurer)         Turns: 2876, Time: 00:12:50

Health: -2/42      AC:  2    Str:  8    XL:     5   Next: 38%
Magic:  5/11       EV:  9    Int: 24    God:
Gold:   1          SH:  0    Dex: 12    Spells: 6/9 levels left

rFire   . . .      SeeInvis .   g - +0 dagger
rCold   . . .      Faith    .   (no shield)
rNeg    . . .      Spirit   .   a - +0 robe
rPois   .          Reflect  .   (no helmet)
rElec   .          Harm     .   (no cloak)
rCorr   .          Rampage  .   (no gloves)
Will    .....                   (no boots)
Stlth   +.........              (no amulet)
HPRegen 0.14/turn               (no ring)
MPRegen 0.12/turn               (no ring)

@: lethally poisoned (-2 -> -4), silenced, flying, constricted
A: high mp 1, forlorn
a: no special abilities


You were in a sewer.
You visited 1 branch of the dungeon, and saw 3 of its levels.
You also visited: Sewer.

You collected 1 gold pieces.

Inventory:

Hand Weapons
 g - a +0 dagger (weapon)
Armour
 a - a +0 robe (worn)
 h - a +0 leather armour
Scrolls
 d - a scroll of teleportation {unknown}
 e - 3 scrolls of identify {unknown}
 i - a scroll of immolation {unknown}
 j - a scroll of holy word {unknown}
 o - 2 scrolls of fear {unknown}
 p - a scroll of magic mapping {unknown}
 q - a scroll of enchant armour {unknown}
Potions
 c - a potion of flight
 f - a potion of haste {unknown}
 k - a potion of cancellation {unknown}
 l - a potion of might {unknown}
 m - a potion of mutation {unknown}
 n - a potion of magic {unknown}


   Skills:
 + Level 2.5 Fighting
 - Level 1.9 Dodging
 - Level 2.0 Stealth
 + Level 2.5 Spellcasting
 + Level 5.1 Conjurations


You had 6 spell levels left.
You knew the following spells:

 Your Spells              Type           Power      Damage    Failure   Level
a - Magic Dart            Conj           100%       1d8       1%          1
b - Searing Ray           Conj           54%        2d6       1%          2

Your spell library contained the following spells:

 Spells                   Type           Power      Damage    Failure   Level
 Dazzling Flash           Conj/Hex       30%        N/A       12%         3
 Fulminant Prism          Conj/Hex       7%         3d7       36%         4
 Iskenderun's Mystic Bla  Conj/Tloc      15%        2d5       36%         4


Dungeon Overview and Level Annotations

Branches:
Dungeon (3/15)              Sewer (1/1)

Shops:
D:1 *

Annotations:
D:2 Sigmund


Innate Abilities, Weirdness & Mutations

Your attributes grow dramatically as you level up.
You have an increased reservoir of magic. (+10% MP)
You shall have no god before yourself.


Message History

The ball python constricts you.
You escape the ball python's grasp.
You enter the shallow water.
Moving in this stuff is going to be slow.
The adder closely misses you. The adder barely misses you.
The ball python barely misses you. The ball python grabs you.
The ball python constricts you. The ball python barely misses you.
You escape the ball python's grasp.
The bullfrog misses you. The adder bites you. The bullfrog hits you.
The adder bites you.
The ball python closely misses you. x2; The adder bites you but does no damage.
Why would you want to do that? The bullfrog closely misses you.
The ball python bites you. The ball python grabs you.
The ball python constricts you. The adder bites you.
You are poisoned.
The adder poisons you!
The ball python bites you but does no damage.
The bullfrog hits you!
The ball python bites you but does no damage.
The ball python constricts you. The adder bites you. The ball python bites you.
* * * LOW HITPOINT WARNING * * *
Unknown command.
Okay, then.
As you read the scroll labelled RET QAARPHATAO, it crumbles to dust.
A profound silence engulfs you.
It was a scroll of silence.
You feel sick. The bullfrog hits you.
* * * LOW HITPOINT WARNING * * *
The ball python loses its grip on you. The ball python closely misses you.
The ball python misses you.
The ball python bites you but does no damage.
The ball python grabs you. The ball python constricts you.
The bullfrog hits you but does no damage.
It was a potion of flight.
You feel very buoyant.
You fly up into the air.
* * * LOW HITPOINT WARNING * * *
You feel sick.
The ball python bites you but does no damage.
The adder completely misses you. The adder bites you but does no damage.
The ball python misses you. The ball python closely misses you.
The ball python constricts you. The bullfrog hits you.
You die...

≈≈≈≈≈≈# #≈≈≈≈≈≈#
≈≈≈≈≈≈# #≈≈≈≈≈≈#
≈≈≈≈≈≈# #≈≈≈≈#≈#
≈≈≈≈≈≈# #≈≈≈≈≈≈#
≈≈≈≈≈≈# #≈≈≈≈.≈#
≈≈.≈≈≈# #≈≈≈≈.≈#
≈.)..≈# #≈≈≈S≈≈#
#..†≈## #≈≈SF#≈#
≈≈≈†≈≈# #≈≈S@S≈#
≈≈≈≈≈≈# #≈≈S≈S≈#
≈≈÷÷≈≈# #≈≈≈≈≈≈#
≈≈≈≈≈≈# #≈≈≈≈≈≈#
≈≈≈≈≈≈# #####≈≈≈≈≈≈#
#..†≈## #..##.≈...##
...†..###..##......#
#......##'##......##
#.†.....#.........#


You could see a bullfrog, 2 adders and 4 ball pythons.

Vanquished Creatures
  A bullfrog (Sewer)
  3 adders (Sewer)
  8 river rats
  2 dart slugs (D:1)
  An orc (D:3)
  3 bats
  3 endoplasms
  A giant cockroach (D:2)
  3 goblins
  2 hobgoblins
  2 kobolds (D:3)
  A quokka (D:3)
  12 ball pythons
  4 frilled lizards
  23 rats
69 creatures vanquished.

Vanquished Creatures (others)
  2 plants (D:1)
2 creatures vanquished.

Grand Total: 71 creatures vanquished

Notes
Turn   | Place    | Note
-------+----------+-------------------------------------------
     0 | D:1      | MacCMillion the Demigod Conjurer began the quest for the
                  | Orb.
     0 | D:1      | Reached XP level 1. HP: 14/14 MP: 5/5
   464 | D:1      | Found Qaaddup's Assorted Antiques.
   716 | D:1      | Reached XP level 2. HP: 20/20 MP: 5/7
   719 | D:1      | Reached skill level 4 in Conjurations
   753 | D:1      | Upgraded the game from 0.28-a0-728-g0181a31188 to
                  | 0.28-a0-751-gef3a642a4e
   918 | D:1      | Learned a level 2 spell: Searing Ray
  1334 | D:2      | Noticed Sigmund
  1623 | D:3      | Reached XP level 3. HP: 27/27 MP: 4/8
  1665 | D:3      | Found a glowing drain.
  1674 | Sewer    | Entered a sewer
  1699 | Sewer    | Reached skill level 1 in Fighting
  2275 | Sewer    | Reached XP level 4. HP: 31/35 MP: 3/9
  2865 | Sewer    | Noticed a bullfrog
  2865 | Sewer    | Noticed a bullfrog
  2870 | Sewer    | Killed a bullfrog
  2871 | Sewer    | Reached skill level 5 in Conjurations
  2871 | Sewer    | Reached XP level 5. HP: 34/42 MP: 4/11
  2876 | Sewer    | Slain by a bullfrog

Illustrated notes

Levels and vault maps discovered:
D:1:      denvon_arrival_planthouse, layout_basic,
          ebering_ecumenical_altar_petrified, serial_shops, nicolae_shop_crystal
D:2:      layout_basic, serial_shops, shop, uniq_sigmund
D:3:      layout_basic, gup_sewer_entry_bowl, columned_hall_lemuel,
          minmay_increasing_density
Sewer:    sewer_minmay_w

Skill      XL: |  1  2  3  4 |
---------------+-------------+-----
Conjurations   | 4 5 |  5.1
Spellcasting   | 2 |  2.5
Stealth        | 2 |  2.0
Fighting       | 1 2 |  2.5
Dodging        | |  1.9

Action                   |  1- 3 |  4- 6 || total
-------------------------+-------+-------++-------
Melee: Unarmed           |     7 |       ||     7
 Cast: Magic Dart        |    72 |    31 ||   103
       Searing Ray       |     5 |     4 ||     9
  Use: Scroll            |       |     1 ||     1
       Potion            |       |     1 ||     1
 Stab: Sleeping          |     1 |       ||     1
Armor: Robe              |     2 |     8 ||    10
Dodge: Dodged            |    10 |    20 ||    30

Table legend: (Time is in decaauts)
 A = Elapsed time spent in this place.
 B = Non-inter-level travel time spent in this place.
 C = Inter-level travel time spent in this place.
 D = Time resting spent in this place.
 E = Time spent auto-exploring this place.
 F = Levels seen in this place.
 G = Mean time per level.
                   A        B        C        D        E       F      G
               +--------+--------+--------+--------+--------+-----+--------+
         Total |   2948 |   2930 |     18 |    761 |   1616 |   4 |  737.0 |
       Dungeon |   1676 |   1658 |     18 |    143 |   1213 |   3 |  558.7 |
         Sewer |   1271 |   1271 |      0 |    618 |    403 |   1 | 1271.0 |
               +--------+--------+--------+--------+--------+-----+--------+

Top non-repeatable levels by time:
   Sewer: 1271 daAuts
     D:1: 1162 daAuts
     D:3: 322 daAuts
     D:2: 191 daAuts
